 Dungeon Crawl Stone Soup version 0.29.0-4-gdea44cf6ec (webtiles) character file.

Game seed: 1853973235638487808

1206 qw the Cleaver (level 8, -3/60 HPs)
             Began as a Demonspawn Cinder Acolyte on Sept 9, 2022.
             Was a Believer of Ignis.
             Succumbed to a gnoll sergeant's poison
             ... on level 5 of the Dungeon.
             The game lasted 00:01:34 (5379 turns).

qw the Cleaver (Demonspawn Cinder Acolyte)          Turns: 5379, Time: 00:01:34

Health: -3/60      AC: 20    Str: 22    XL:     8   Next: 21%
Magic:  9/9        EV:  8    Int: 16    God:    Ignis [**....]
Gold:   257        SH:  0    Dex:  9    Spells: 9/9 levels left

rFire   + . .      SeeInvis .   Y - +1 hand axe (flame)
rCold   + . .      Faith    .   (no shield)
rNeg    . . .      Spirit   .   i - +3 chain mail {rC+}
rPois   .          Reflect  .   (helmet restricted)
rElec   .          Harm     .   (no cloak)
rCorr   .          Rampage  .   (no gloves)
Will    .....                   d - +0 pair of boots
Stlth   ..........              (no amulet)
HPRegen 0.20/turn               a - +6 ring of strength
MPRegen 0.11/turn               (no ring)

@: lethally poisoned (-3 -> -40), about to teleport, fiery-armoured
A: claws 1, horns 2, ignite blood 1
a: Renounce Religion, Fiery Armour, Foxfire Swarm, Rising Flame


You were on level 5 of the Dungeon.
You worshipped Ignis.
Ignis was pleased with you.
You visited 1 branch of the dungeon, and saw 5 of its levels.

You collected 532 gold pieces.
You spent 275 gold pieces at shops.


Innate Abilities, Weirdness & Mutations

You have sharp fingernails.
You have a pair of horns on your head.
Your demonic aura sometimes causes spilled blood to erupt in flames.


   Skills:
 + Level 4.3 Fighting
 - Level 8.2 Axes
 - Level 1.4 Throwing
 - Level 2.6 Armour
 - Level 1.0 Dodging
 - Level 1.0 Spellcasting
 - Level 2.6 Fire Magic


You had 9 spell levels left.
You didn't know any spells.
Your spell library contained the following spells:

 Spells                   Type           Power      Damage    Failure   Level
 Scorch                   Fire           18%        2d6       71%         2

Inventory:

Hand Weapons
 Y - a +1 hand axe of flaming (weapon)
Armour
 d - a +0 pair of boots (worn)
 i - a +3 chain mail of cold resistance (worn)
 j - a +0 plate armour
Jewellery
 a - a +6 ring of strength (left claw)
Scrolls
 c - 3 scrolls of teleportation
Potions
 b - a potion of resistance {unknown}
 e - a potion of degeneration {unknown}
 g - a potion of heal wounds
 h - a potion of haste {unknown}
 l - a potion of curing
 m - a potion of flight {unknown}
 n - a potion of mutation {unknown}

Dungeon Overview and Level Annotations

Branches:
Dungeon (5/15)             Temple (0/1) D:5

Altars:

Shops:
D:4 [

Annotations:
D:4 2 runed translucent doors, qw's ghost, amateur GrFi


Message History

a +0 whip; a gnoll corpse You hit the gnoll sergeant.
You burn the gnoll sergeant.
The gnoll sergeant is moderately wounded.
You hit the gnoll. You burn the gnoll.
You feel sick.
The gnoll sergeant hits you but does no damage.
You are more poisoned.
The gnoll barely misses you. The gnoll hits you but does no damage.
You hit the gnoll sergeant. You burn the gnoll sergeant.
You headbutt the gnoll sergeant.
The gnoll sergeant is severely wounded.
You hit the gnoll but do no damage.
You feel very sick.
The gnoll sergeant hits you with a +0 trident of venom.
You are more poisoned.
The gnoll closely misses you.
The gnoll hits you from afar with a +1 spear of flaming.
The gnoll burns you.
You hit the gnoll sergeant but do no damage.
You headbutt the gnoll sergeant, but do no damage.
The gnoll sergeant is severely wounded.
You hit the gnoll but do no damage.
You feel very sick.
The gnoll sergeant hits you but does no damage.
You are more poisoned.
The gnoll hits you with a +0 flail. The gnoll hits you but does no damage.
5378 ||| INVOKING Fiery Armour.
A protective cloak of flame settles atop you.
You feel very sick.
The gnoll sergeant hits you with a +0 trident of venom!
You are more poisoned.
The gnoll sergeant is burned by your cloak of flames.
The gnoll sergeant is severely wounded.
The gnoll barely misses you.
The gnoll hits you from afar with a +1 spear of flaming.
The gnoll burns you.
5379 ||| READING 4 scrolls of teleportation.
As you read the scroll of teleportation, it crumbles to dust.
You feel strangely unstable.
You die...

#...#.[...#...#.
##...........##.
#....###...####
##########.....#...##
............#..#...#
........##..##.....#
#######.##..#####.##
#.##..# #.# ###
#@##... ..# ....
....gggg...### #.#
.### #.####.##..# #.#
.. #.... .. ... .###
.. ##.. .# ... . ###.
##


You could see a gnoll sergeant and 3 gnolls.

Vanquished Creatures
  Sigmund (D:2)
  An ice beast (D:5)
  4 ogres
  Blork the orc (D:5)
  A scorpion (D:4)
  A vampire bat (D:4)
  A scorpion zombie (D:3)
  An iguana (D:4)
  9 gnolls
  9 adders
  A white imp (D:5)
  An ufetubus (D:5)
  An adder zombie (D:3)
  3 adder skeletons (D:3)
  A worm (D:3)
  3 fire bats (D:4)
  10 orcs
  2 spectral bats (D:4)
  3 ball pythons
  3 bat skeletons (D:4)
  A bat zombie (D:4)
  6 endoplasms
  2 giant cockroaches
  4 goblins
  8 hobgoblins
  3 jackals (D:1)
  A quokka (D:1)
  2 ball python skeletons (D:3)
  16 bats
  A bat simulacrum (D:4)
  5 frilled lizards
  A jackal zombie (D:3)
  7 kobolds
  A quokka skeleton (D:3)
  A quokka zombie (D:3)
  5 rats
  A spectral kobold (D:3)
122 creatures vanquished.

Vanquished Creatures (others)
  An orc wizard (D:5)
  A withered plant (D:3)
2 creatures vanquished.

Grand Total: 124 creatures vanquished

Notes
Turn   | Place    | Note
-------+----------+-------------------------------------------
     0 | D:1      | qw the Demonspawn Cinder Acolyte began the quest for the
                  | Orb.
     0 | D:1      | Reached XP level 1. HP: 18/18 MP: 2/2
     0 | D:1      | 0 ||| qw: Version: 0.1-a-113-g051387a
     0 | D:1      | 0 ||| qw: Game counter: 7297
     0 | D:1      | 0 ||| qw: Always use a shield: true
     0 | D:1      | 0 ||| qw: God list: Okawaru
     0 | D:1      | 0 ||| qw: Allow faded altars: false
     0 | D:1      | 0 ||| qw: Do Orc after D:15 true
     0 | D:1      | 0 ||| qw: Do second Lair branch before Depths: true
     0 | D:1      | 0 ||| qw: Lair rune preference: random
     0 | D:1      | 0 ||| qw: Plans: Normal
     0 | D:1      | 0 ||| PLANNING D:1-11
   119 | D:1      | 119 ||| Stepping ~*~*~tactically~*~*~ (stealth).
   127 | D:1      | 127 ||| INVOKING Fiery Armour.
   130 | D:1      | Reached skill level 3 in Axes
   133 | D:1      | 133 ||| Stepping ~*~*~tactically~*~*~ (stealth).
   323 | D:1      | Discovered your monstrous ancestry.
   323 | D:1      | Gained mutation: You have a pair of small horns on your
                  | head. [demonic ancestry]
   323 | D:1      | Reached XP level 2. HP: 24/24 MP: 3/3
   883 | D:1      | 883 ||| Stepping ~*~*~tactically~*~*~ (stealth).
   884 | D:1      | 884 ||| Stepping ~*~*~tactically~*~*~ (stealth).
  1208 | D:1      | 1208 ||| UPGRADING to +0 leather armour.
  1218 | D:1      | 1218 ||| DROPPING +0 robe.
  1219 | D:1      | 1219 ||| READING scroll labelled GIXIHOI VAFU.
  1220 | D:1      | 1220 ||| READING scroll labelled XOFICW NUTIUW.
  1491 | D:2      | Noticed Sigmund
  1503 | D:2      | Killed Sigmund
  1504 | D:2      | Reached skill level 5 in Axes
  1504 | D:2      | Gained mutation: Your demonic aura sometimes causes spilled
                  | blood to erupt in flames. [demonic ancestry]
  1504 | D:2      | Reached XP level 3. HP: 11/29 MP: 4/4
  1504 | D:2      | Reached XP level 4. HP: 14/35 MP: 5/5
  1504 | D:2      | Reached XP level 5. HP: 16/41 MP: 6/6
  1781 | D:2      | 1781 ||| Stepping ~*~*~tactically~*~*~ (stealth).
  1792 | D:2      | 1792 ||| INVOKING Fiery Armour.
  1796 | D:2      | HP: 10/41 [poisoned by an adder]
  2229 | D:2      | Reached skill level 1 in Dodging
  2617 | D:2      | 2617 ||| UPGRADING to +0 scale mail.
  2627 | D:2      | 2627 ||| DROPPING +0 leather armour.
  2628 | D:2      | 2628 ||| READING 2 scrolls labelled ENEMAXTIFEBA.
  2629 | D:2      | 2629 ||| READING scroll of enchant weapon.
  2629 | D:2      | 2629 ||| ENCHANTING +0 hand axe of flaming.
  2630 | D:2      | 2630 ||| READING scroll labelled GUUBUW ZEINK.
  2630 | D:2      | Identified a scroll of acquirement
  2630 | D:2      | 2630 ||| ACQUIRING 385 gold pieces
  2630 | D:2      | Acquired 385 gold pieces
  2632 | D:2      | 2632 ||| DRINKING 2 golden potions.
  2633 | D:2      | 2633 ||| DRINKING 2 smoky blue potions.
  2634 | D:2      | 2634 ||| DROPPING potion of brilliance.
  2649 | D:3      | 2649 ||| Stepping ~*~*~tactically~*~*~ (stealth).
  2655 | D:3      | 2655 ||| Stepping ~*~*~tactically~*~*~ (stealth).
  2663 | D:3      | 2663 ||| Stepping ~*~*~tactically~*~*~ (stealth).
  2666 | D:3      | 2666 ||| Stepping ~*~*~tactically~*~*~ (stealth).
  2784 | D:3      | Reached skill level 1 in Armour
  2800 | D:3      | 2800 ||| INVOKING Fiery Armour.
  2857 | D:3      | Reached skill level 1 in Throwing
  2857 | D:3      | Gained mutation: You have sharp fingernails. [demonic
                  | ancestry]
  2857 | D:3      | Reached XP level 6. HP: 47/47 MP: 7/7
  2961 | D:3      | 2961 ||| Stepping ~*~*~tactically~*~*~ (stealth).
  3023 | D:3      | Found a faded altar of an unknown god.
  3141 | D:3      | 3141 ||| Stepping ~*~*~tactically~*~*~ (stealth).
  3160 | D:3      | 3160 ||| UPGRADING to +0 plate armour.
  3170 | D:3      | 3170 ||| DROPPING +0 scale mail.
  3171 | D:3      | 3171 ||| READING scroll labelled BOXASK MIFIQEF.
  3172 | D:3      | 3172 ||| READING scroll labelled IGIETR YKKANY.
  3173 | D:3      | 3173 ||| READING scroll labelled INLOMYMPUC.
  3174 | D:3      | 3174 ||| READING scroll labelled GEUHAU ROZXYTU.
  3240 | D:4      | 3240 ||| Stepping ~*~*~tactically~*~*~ (stealth).
  3243 | D:4      | 3243 ||| INVOKING Fiery Armour.
  3246 | D:4      | 3246 ||| Stepping ~*~*~tactically~*~*~ (stealth).
  3338 | D:4      | 3338 ||| Stepping ~*~*~tactically~*~*~ (stealth).
  3339 | D:4      | 3339 ||| Stepping ~*~*~tactically~*~*~ (stealth).
  3680 | D:4      | 3680 ||| INVOKING Fiery Armour.
  3681 | D:4      | Reached skill level 6 in Axes
  3681 | D:4      | Reached XP level 7. HP: 26/52 MP: 8/8
  3863 | D:4      | Found Cuniu's Antique Armour Boutique.
  3866 | D:4      | 3866 ||| BUYING pair of boots (103 gold).
  3866 | D:4      | Bought a pair of boots for 103 gold pieces
  3866 | D:4      | 3866 ||| BUYING runed chain mail (172 gold).
  3866 | D:4      | Bought a runed chain mail for 172 gold pieces
  3866 | D:4      | 3866 ||| SHOPLISTING shiny plate armour (598 gold, have
                  | 250).
  3906 | D:4      | Found a large runed translucent door.
  3906 | D:4      | Found a large runed translucent door.
  3985 | D:4      | Identified the +1 ring mail of Oddysul {Stlth+}
  4055 | D:4      | Noticed qw's ghost (amateur GrFi)
  4337 | D:4      | Reached skill level 7 in Axes
  4596 | D:4      | 4596 ||| UPGRADING to +0 pair of boots.
  4601 | D:4      | 4601 ||| UPGRADING to +3 chain mail of cold resistance.
  4611 | D:4      | 4611 ||| UPGRADING to +6 ring of strength.
  4612 | D:4      | 4612 ||| DRINKING 2 smoky pink potions.
  4638 | D:4      | 4638 ||| DRINKING 2 lumpy black potions.
  4639 | D:4      | 4639 ||| DROPPING potion of lignification.
  4681 | D:5      | Entered Level 5 of the Dungeon
  4682 | D:5      | 4682 ||| STAIRDANCE
  4686 | D:5      | 4686 ||| STAIRDANCE
  4688 | D:4      | 4688 ||| INVOKING Fiery Armour.
  4995 | D:5      | Found a staircase to the Ecumenical Temple.
  5026 | D:5      | Noticed Blork the orc
  5027 | D:5      | 5027 ||| INVOKING Fiery Armour.
  5031 | D:5      | Gained mutation: You have a pair of horns on your head.
                  | [demonic ancestry]
  5031 | D:5      | Reached XP level 8. HP: 60/60 MP: 9/9
  5040 | D:5      | Killed Blork the orc
  5350 | D:5      | Reached skill level 8 in Axes
  5365 | D:5      | 5365 ||| Stepping ~*~*~tactically~*~*~ (hiding).
  5378 | D:5      | 5378 ||| INVOKING Fiery Armour.
  5378 | D:5      | HP: 9/60 [gnoll sergeant/+0 trident of venom (11)]
  5379 | D:5      | 5379 ||| READING 4 scrolls of teleportation.
  5379 | D:5      | Succumbed to a gnoll sergeant's poison

Levels and vault maps discovered:
D:1:      kennysheep_arrival_forest, layout_basic
D:2:      layout_basic, uniq_sigmund
D:3:      layout_rooms, serial_undead, serial_undead_d, serial_undead_d,
          serial_undead_b, serial_undead_d, serial_undead_b, serial_undead_c,
          serial_undead_c, serial_undead_c,
          dreamdust_ecumenical_altar_drowned_temple
D:4:      layout_basic, serial_shops, nicolae_shop_behind_doors,
          ebering_ghost_disaster_area, goddamned_bats
D:5:      layout_loops_ring, minmay_temple_entry_tees, uniq_blork_the_orc

Skill      XL: |  1  2  3  4  5  6  7  8 |
---------------+-------------------------+-----
Axes           | 3 5 6 7 8 |  8.2
Dodging        | 1 |  1.0
Armour         | 1 2 |  2.6
Throwing       | 1 |  1.4
Fighting       | 4 |  4.3
Spellcasting   | |  1.0
Fire Magic     | |  2.6

Action                   |  1- 3 |  4- 6 |  7- 9 || total
-------------------------+-------+-------+-------++-------
Melee: Hand axe          |    69 |    92 |   110 ||   271
       Headbutt          |     5 |     8 |    16 ||    29
       Punch             |       |     1 |     2 ||     3
Throw: Boomerang         |     2 |    61 |       ||    63
Invok: Fiery Armour      |     1 |     4 |     3 ||     8
  Use: Scroll            |     2 |     7 |     1 ||    10
       Potion            |       |     2 |     2 ||     4
Armor: Robe              |    25 |       |       ||    25
       Leather armour    |     1 |     7 |       ||     8
       Scale mail        |       |    13 |       ||    13
       Plate armour      |       |     8 |    78 ||    86
       Chain mail        |       |       |    38 ||    38
Dodge: Dodged            |    38 |    33 |    39 ||   110

Table legend:
 A = Non-vault XP
 B = Vault XP
 C = Vault XP percentage of total XP
 D = Non-vault monster count
 E = Vault monster count
 F = Vault count percentage of total count
                 A         B        C        D         E       F
            +---------+---------+-------+---------+---------+-------
      Total |    1156 |     567 |  32.9 |      90 |      33 |  26.8
            +---------+---------+-------+---------+---------+-------
        D:1 |      34 |       0 |   0.0 |      20 |       0 |   0.0
        D:2 |      40 |     231 |  85.2 |      11 |       1 |   8.3
        D:3 |      61 |      64 |  51.2 |      24 |      11 |  31.4
        D:4 |     645 |     173 |  21.1 |      22 |      20 |  47.6
        D:5 |     376 |      99 |  20.8 |      13 |       1 |   7.1
            +---------+---------+-------+---------+---------+-------
